 Dungeon Crawl Stone Soup version 0.17-b1-20-g63edfd6 (webtiles) character file.

163 septik the Chopper (level 5, -11/46 HPs)
             Began as a Deep Dwarf Fighter on Nov 4, 2015.
             Killed from afar by Ijyb (22 damage)
             ... with a wand of lightning
             ... on level 3 of the Dungeon.
             The game lasted 00:07:20 (2058 turns).

septik the Chopper (Deep Dwarf Fighter)             Turns: 2058, Time: 00:07:20

Health: -11/46     AC:  9    Str: 21    XL:     5   Next: 20%
Magic:  5/5        EV:  5    Int:  8    God:
Gold:   171        SH:  9    Dex: 12    Spells: 0 memorised, 4 levels left

rFire  . . .     SeeInvis .     a - +0 war axe
rCold  . . .     Clarity  .     x - +0 chain mail
rNeg   . . .     SustAt   .     c - +0 shield
rPois  .         Gourm    .     j - +0 hat
rElec  .         Spirit   .     (no cloak)
rCorr  .         Warding  .     (no gloves)
rMut   .         Stasis   .     (no boots)
MR     .....                    (no amulet)
Stlth  ..........               (no ring)
                                (no ring)

@: non-regenerating, not resistant to hostile enchantments, extremely unstealthy
A: damage resistance, recharge devices, sense surroundings 1, slow regeneration
3
a: Device Recharging


You were on level 3 of the Dungeon.
You were not hungry.

You visited 1 branch of the dungeon, and saw 3 of its levels.

You collected 171 gold pieces.

Inventory:

Hand Weapons
 a - a +0 war axe (weapon)
 s - a +0 blowgun
Missiles
 i - a javelin (quivered)
 t - 18 poisoned needles
 w - 12 sling bullets
Armour
 b - a +0 scale mail
 c - a +0 shield (worn)
 j - a +0 hat (worn)
 x - a +0 chain mail (worn)
Wands
 e - a wand of heal wounds (2)
Scrolls
 l - a scroll of fear {unknown}
 n - 4 scrolls of immolation {unknown}
 p - a scroll of magic mapping {unknown}
 r - 3 scrolls of identify {unknown}
 v - a scroll of enchant armour {unknown}
Potions
 d - a potion of might
 g - a potion of curing {unknown}
 h - 2 potions of brilliance {unknown}
 m - 2 potions of ambrosia {unknown}
 q - a potion of invisibility {unknown}
 z - a potion of heal wounds {unknown}
Comestibles
 f - 5 bread rations
 k - 7 fruits
 o - a royal jelly
 u - a chunk of flesh


   Skills:
 - Level 2.6 Fighting
 + Level 6.0 Axes
 - Level 3.2 Armour
 - Level 3.2 Shields


You had 4 spell levels left.
You didn't know any spells.

Dungeon Overview and Level Annotations

Branches:
Dungeon (3/15)

Altars:
Gozag
Qazlal
Ru

Annotations:
D:3 Ijyb


Innate Abilities, Weirdness & Mutations

You are resistant to damage.
You can recharge devices by infusing magical energy.
You passively map a small area around you.
You do not regenerate naturally.


Message History

Ijyb is moderately wounded.
Ijyb zaps a wand.
The bolt of lightning hits you!
* * * LOW HITPOINT WARNING * * *
Evoke which item? (* to show all) (? for menu, Esc to quit)
Zapping:
e - a wand of heal wounds (4)
Press: ? - help, Shift-Dir - straight line, f - you, p - Ijyb You feel much better.
This wand has 3 charges left.
Ijyb zaps a wand.
The bolt of lightning hits you!
* * * LOW HITPOINT WARNING * * *
Evoke which item? (* to show all) (? for menu, Esc to quit)
Zapping:
e - a wand of heal wounds (3)
Press: ? - help, Shift-Dir - straight line, f - you You feel much better.
This wand has 2 charges left.
Ijyb zaps a wand.
The bolt of lightning hits you!
You hit Ijyb.
Ijyb is moderately wounded.
Ijyb zaps a wand.
The bolt of lightning hits you!
* * * LOW HITPOINT WARNING * * *
Ijyb zaps a wand.
The bolt of lightning hits you!
You die...

.##.######## ....## #.# .#
.##..## #.# (# .# ,
..#...#######.# *(# #.#
.......#...##.# .# #.# ,
..#...#.......# (###.##
.##..##)_.###.# (##...###
.....##...###.###g#......#
###.............@.#....#.#
##.########.#####.#.##.# *
#.# #.....##.#..##.# #.#
#.###.#.###.##.# #.# #.#
#..## ##...# #.#
#.###.#.###.<<.# ##.##
#.....##.#.#...# **
###.#.### ###.#####......#
, ...###..#####.# ####..##
, *


You could see Ijyb.

Vanquished Creatures
  A giant frog zombie (D:3)
  An orc wizard (D:3)
  Terence (D:3)
  2 adders (D:3)
  An ooze (D:1)
  3 worms (D:2)
  A giant gecko (D:2)
  4 orcs (D:3)
  A giant cockroach (D:1)
  2 goblins (D:1)
  4 hobgoblins
  5 kobolds
  A quokka (D:2)
  4 bats (D:1)
  3 giant newts
  9 jackals (D:1)
  5 rats
48 creatures vanquished.

Notes
Turn   | Place    | Note
--------------------------------------------------------------
     0 | D:1      | septik the Deep Dwarf Fighter began the quest for the Orb.
     0 | D:1      | Reached XP level 1. HP: 20/20 MP: 1/1
    88 | D:1      | Reached XP level 2. HP: 27/27 MP: 2/2
   735 | D:1      | Reached XP level 3. HP: 31/33 MP: 3/3
   904 | D:2      | Reached skill level 4 in Axes
  1658 | D:3      | Reached skill level 5 in Axes
  1658 | D:3      | Reached XP level 4. HP: 19/40 MP: 4/4
  1664 | D:3      | Found a stormy altar of Qazlal.
  1674 | D:3      | Found a sacrificial altar of Ru.
  1910 | D:3      | Noticed Terence
  1913 | D:3      | Killed Terence
  1913 | D:3      | Reached skill level 6 in Axes
  1913 | D:3      | Reached XP level 5. HP: 39/46 MP: 5/5
  1940 | D:3      | Found an opulent altar of Gozag.
  2049 | D:3      | Noticed Ijyb
  2058 | D:3      | Killed from afar by Ijyb

Action                   |  1- 3 |  4- 6 || total
-------------------------+-------+-------++-------
Melee: War axe           |   109 |    30 ||   139
Throw: Javelin           |    29 |    12 ||    41
Evoke: Wand              |       |     3 ||     3
  Eat: Chunk             |     2 |     2 ||     4
